 Dungeon Crawl Stone Soup version 0.28-a0-622-gbaef9634d7 (webtiles) character file.

Game seed: 12053384799138240177

103 KristoblXynda the Slasher (level 4, -7/38 HPs)
             Began as a Draconian Gladiator on Oct 7, 2021.
             Mangled by Crazy Yiuf (15 damage)
             ... on level 2 of the Dungeon.
             The game lasted 00:01:41 (1497 turns).

KristoblXynda the Slasher (Draconian Gladiator)     Turns: 1497, Time: 00:01:41

Health: -7/38      AC:  6    Str: 17    XL:     4   Next: 51%
Magic:  4/4        EV: 13    Int:  9    God:
Gold:   42         SH:  0    Dex: 12    Spells: 3/3 levels left

rFire   . . .      SeeInvis .   a - +0 long sword
rCold   . . .      Faith    .   (no shield)
rNeg    . . .      Spirit   .   (armour unavailable)
rPois   .          Reflect  .   b - +1 hat
rElec   .          Harm     .   (no cloak)
rCorr   .          Rampage  .   (no gloves)
Will    .....                   (no boots)
Stlth   +.........              (no amulet)
HPRegen 0.12/turn               (no ring)
MPRegen 0.09/turn               (no ring)

@: no status effects
A: AC +5, unfitting armour, cold-blooded
a: no special abilities


You were on level 2 of the Dungeon.
You visited 1 branch of the dungeon, and saw 2 of its levels.

You collected 42 gold pieces.

Inventory:

Hand Weapons
 a - a +0 long sword (weapon)
Missiles
 c - a throwing net (quivered)
Armour
 b - a +1 hat (worn)
Scrolls
 d - a scroll of identify {unknown}
 f - 2 scrolls of enchant armour
 h - a scroll of fog {unknown}
 i - a scroll of amnesia {unknown}
 j - a scroll of teleportation {unknown}
 k - a scroll of immolation {unknown}
Potions
 e - a potion of flight {unknown}
 g - 2 potions of berserk rage {unknown}


   Skills:
 + Level 3.2 Fighting
 * Level 4.2 Long Blades
 - Level 2.0 Throwing
 + Level 3.4 Dodging


You had 3 spell levels left.
You didn't know any spells.
Your spell library contained the following spells:

 Spells                   Type           Power      Damage    Failure   Level
 Conjure Flame            Conj/Fire      0%         6-21      77%         3
 Gell's Gravitas          Tloc           0%         N/A       77%         3
 Ignite Poison            Fire/Tmut/Pois 0%         N/A       77%         3
 Lesser Beckoning         Tloc           0%         N/A       77%         3
 Teleport Other           Tloc           0%         N/A       77%         3
 Sticky Flame             Conj/Fire      0%         2d3       99%         4


Dungeon Overview and Level Annotations

Branches:
Dungeon (2/15)

Altars:

Shops:
D:2 !

Annotations:
D:2 Crazy Yiuf


Innate Abilities, Weirdness & Mutations

Your plain brown scales are hard. (AC +5)
You cannot fit into any form of body armour.
You are cold-blooded and may be slowed by cold attacks.


Message History

Natasha barely misses you. The shadow imp barely misses you.
You hit Natasha.
You kill Natasha!
Natasha screams in fury as she dies!
The shadow imp disappears in a puff of smoke!
No target in view!
No target in view!
No target in view!
You see here a +0 mace.
Found a mace.
Found a runed translucent door.
No target in view!
Crazy Yiuf shouts!
Okay, then.
You open the door. You slash Crazy Yiuf!
Crazy Yiuf is heavily wounded.
Crazy Yiuf hits you with a +3 quarterstaff of chaos!
Crazy Yiuf burns you.
You barely miss Crazy Yiuf.
Crazy Yiuf is heavily wounded.
Crazy Yiuf barely misses you.
You hit Crazy Yiuf but do no damage.
Crazy Yiuf is heavily wounded.
Crazy Yiuf barely misses you.
Throw: 3 throwing nets
Press: ? - help, Q - select action Shift-Dir - straight line, f - Crazy Yiuf
Aim: Crazy Yiuf, wielding a +3 quarterstaff of chaos and wearing a +0 cloak (heavily wounded, 63% to hit)
You throw a throwing net.
The throwing net barely misses Crazy Yiuf.
Crazy Yiuf hits you with a +3 quarterstaff of chaos.
You are electrocuted!
* * * LOW HITPOINT WARNING * * *
Unknown command.
Throw: 2 throwing nets
Press: ? - help, Q - select action Shift-Dir - straight line, f/p - Crazy Yiuf
Aim: Crazy Yiuf, wielding a +3 quarterstaff of chaos and wearing a +0 cloak (heavily wounded, 63% to hit)
You throw a throwing net.
The throwing net barely misses Crazy Yiuf.
Crazy Yiuf hits you with a +3 quarterstaff of chaos!
You die...

.....#.#.#.###).).###
######.#.#.# #....#
#.#.#.# ♣....♣
#.#...# ♣..)♣♣
#.#.#.# ♣♣.♣♣ #.###.#
♣.♣♣ #.....# ♣♣.♣
####### ♣.♣♣ ♣♣@♣ #g#
... #...# #.()# #####


You could see Crazy Yiuf.

Vanquished Creatures
  Natasha (twice) (D:2)
  An adder (D:2)
  2 dart slugs
  2 ball pythons (D:1)
  2 bats (D:2)
  4 endoplasms
  2 giant cockroaches
  4 goblins
  3 hobgoblins (D:2)
  4 jackals (D:1)
  2 quokkas
  3 frilled lizards
  5 kobolds
  3 rats
39 creatures vanquished.

Vanquished Creatures (others)
  2 plants (D:2)
  4 withered plants (D:2)
6 creatures vanquished.

Grand Total: 45 creatures vanquished

Notes
Turn   | Place    | Note
-------+----------+-------------------------------------------
     0 | D:1      | KristoblXynda the Draconian Gladiator began the quest for
                  | the Orb.
     0 | D:1      | Reached XP level 1. HP: 17/17 MP: 1/1
   157 | D:1      | Reached XP level 2. HP: 25/25 MP: 2/2
   683 | D:2      | Found a faded altar of an unknown god.
   686 | D:2      | Reached XP level 3. HP: 30/30 MP: 3/3
   832 | D:2      | Found Gokac's Distillery.
  1122 | D:2      | Noticed Natasha
  1128 | D:2      | Killed Natasha
  1129 | D:2      | Reached XP level 4. HP: 33/38 MP: 4/4
  1198 | D:2      | Reached skill level 4 in Long Blades
  1239 | D:2      | Noticed Natasha
  1463 | D:2      | Killed Natasha
  1488 | D:2      | Found a runed translucent door.
  1489 | D:2      | Noticed Crazy Yiuf
  1497 | D:2      | Mangled by Crazy Yiuf

Illustrated notes

Levels and vault maps discovered:
D:1:      doesnt_arrival_eight_statues, layout_rooms
D:2:      layout_basic, ebering_ecumenical_altar_petrified, serial_shops,
          nicolae_shop_crystal, serial_bayou_lagoon_a, minmay_fountain_box,
          hangedman_decor_clover_reticule, uniq_crazy_yiuf_cottage, uniq_natasha

Skill      XL: |  1  2  3  4 |
---------------+-------------+-----
Throwing       | 2 |  2.0
Dodging        | 3 |  3.4
Fighting       | 3 |  3.2
Long Blades    | 4 |  4.2

Action                   |  1- 3 |  4- 6 || total
-------------------------+-------+-------++-------
Melee: Long sword        |    84 |    14 ||    98
       Tailslap          |     9 |     2 ||    11
Throw: Throwing net      |       |     2 ||     2
  Use: Scroll            |       |     1 ||     1
 Stab: Sleeping          |     2 |       ||     2
Armor: Skin              |    29 |     1 ||    30
Dodge: Dodged            |    41 |    13 ||    54

Table legend: (Time is in decaauts)
 A = Elapsed time spent in this place.
 B = Non-inter-level travel time spent in this place.
 C = Inter-level travel time spent in this place.
 D = Time resting spent in this place.
 E = Time spent auto-exploring this place.
 F = Levels seen in this place.
 G = Mean time per level.
                   A        B        C        D        E       F      G
               +--------+--------+--------+--------+--------+-----+--------+
         Total |   1531 |   1524 |      7 |    187 |   1051 |   2 |  765.5 |
       Dungeon |   1531 |   1524 |      7 |    187 |   1051 |   2 |  765.5 |
               +--------+--------+--------+--------+--------+-----+--------+

Top non-repeatable levels by time:
     D:2: 861 daAuts
     D:1: 670 daAuts
